 Dungeon Crawl Stone Soup version 0.14.0-20-g75a2fc2 (webtiles) character file.

453 MDvedh the Cleaver (level 6, -5/50 HPs)
             Began as a Hill Orc Gladiator on Apr 21, 2014.
             Slain by a sky beast (6 damage)
             ... on Level 4 of the Dungeon.
             The game lasted 00:05:23 (3433 turns).

MDvedh the Cleaver (Hill Orc Gladiator)             Turns: 3433, Time: 00:05:24

HP  -5/50        AC  9     Str 20      XL: 6   Next: 50%
MP   6/6         EV  7     Int  8      God:
Gold 125         SH  0     Dex 11      Spells:  0 memorised,  5 levels left

rFire  . . .     SeeInvis .     a - +1,+0 war axe
rCold  + . .     Clarity  .     y - +0 chain mail
rNeg   . . .     Conserve .     (no shield)
rPois  +         rCorr    .     c - +0 helmet
rElec  .         rRot     .     (no cloak)
SustAb . .       Spirit   .     (no gloves)
rMut   .         Warding  .     (no boots)
Saprov + . .     Stasis   .     l - amulet of faith
MR     .....                    s - ring of protection from cold
                                o - ring of poison resistance

@: hasted, very quick, not resistant to hostile enchantments, extremely
unstealthy
A: saprovore 1
a: no special abilities


You were on level 4 of the Dungeon.
You were hungry.

You visited 1 branch of the dungeon, and saw 4 of its levels.

You collected 125 gold pieces.

Inventory:

Hand weapons
 a - a +1,+0 war axe (weapon)
Missiles
 d - 3 throwing nets (quivered)
Armour
 c - a +0 helmet (worn)
 y - a +0 chain mail (worn)
Comestibles
 f - 3 meat rations
 i - a bread ration
 p - 2 chokos
 r - a pear
Scrolls
 g - 6 scrolls of remove curse
 j - a scroll of identify
 t - a scroll of noise
 w - a scroll of random uselessness
Jewellery
 l - an amulet of faith (around neck)
 n - an uncursed ring of protection from cold
 o - a ring of poison resistance (left hand)
 s - a ring of protection from cold (right hand)
Potions
 b - a potion of flight {unknown}
 h - 2 potions of brilliance {unknown}
 k - a potion of haste
 m - a potion of invisibility {unknown}
 q - a potion of heal wounds {unknown}
 v - 2 potions of magic


   Skills:
 - Level 2.4 Fighting
 + Level 9.3 Axes
 - Level 2.0 Throwing
 - Level 2.4 Dodging


You had 5 spell levels left.
You didn't know any spells.

Dungeon Overview and Level Annotations

Branches:
Dungeon (4/15)
 Temple: D:4-7

Altars:
Dithmenos
Kikubaaqudgha


Innate Abilities, Weirdness & Mutations

You can tolerate rotten meat.


Message History

* * * LOW HITPOINT WARNING * * *
Something shocks you.
* * * LOW HITPOINT WARNING * * *
You see here a rotting rat corpse.
Something completely misses you. Something hits you but does no damage.
Something hits you but does no damage.
A sky beast appears from thin air!
Reactivating autopickup.
The sky beast hits you but does no damage.
Unknown command.
Drink which item? (? for menu, Esc to quit)
Okay, then.
Unknown command.
Unknown command.
Drink which item? (? for menu, Esc to quit)
You feel yourself speed up. The sky beast hits you.
* * * LOW HITPOINT WARNING * * *
The sky beast shocks you!
You die...

########..................
#########
#......≈######........
........# #....>%.#
######### ###.....#
#.......######### ***
###.....#
#...............####..
#...###.#
#.....................
#...# #.#
###.#.#########.####..
#...# #.# #.#I# #.# *,,
#...###.######.#@# #.# *,,
#...........##.#.######
#.# *,,
#...###.###.##.#......#
#.# *** #...#
#.###.##.#......# #.#
#...###...............#
#.#
............##.#......#
#.#
##.####.<...##.#......#
#.# #.#
#.>...##.#......####.###
#.#
#.....##.#......##.....#


You could see a sky beast.

Vanquished Creatures
  An ice beast (D:3)
  A scorpion (D:4)
  A giant frog skeleton (D:4)
  6 adders
  2 giant mites
  A worm (D:4)
  A giant eyeball (D:4)
  An iguana skeleton (D:4)
  2 giant geckos
  An ooze (D:1)
  An orc (D:4)
  8 bats
  2 giant cockroaches (D:1)
  7 goblins
  9 hobgoblins
  9 jackals
  8 kobolds
  3 ball pythons
  6 giant newts
  A quokka skeleton (D:4)
  14 rats
85 creatures vanquished.

Notes
Turn   | Place    | Note
--------------------------------------------------------------
     0 | D:1      | MDvedh, the Hill Orc Gladiator, began the quest for the Orb.
     0 | D:1      | Reached XP level 1. HP: 18/18 MP: 1/1
   238 | D:1      | Reached XP level 2. HP: 20/25 MP: 2/2
   331 | D:1      | Reached skill level 5 in Axes
   529 | D:1      | Reached XP level 3. HP: 27/30 MP: 3/3
  1108 | D:2      | Reached skill level 6 in Axes
  1110 | D:2      | Reached XP level 4. HP: 19/37 MP: 4/4
  1276 | D:2      | Found an ancient bone altar of Kikubaaqudgha.
  1979 | D:3      | Reached skill level 7 in Axes
  2047 | D:3      | Found a shadowy altar of Dithmenos.
  2308 | D:3      | Noticed an ice beast
  2776 | D:3      | Killed an ice beast
  2776 | D:3      | Reached skill level 8 in Axes
  2776 | D:3      | Reached XP level 5. HP: 19/42 MP: 5/5
  2980 | D:4      | Paralysed by a giant eyeball for 4 turns
  2987 | D:4      | Paralysed by a giant eyeball for 2 turns
  3035 | D:4      | Reached XP level 6. HP: 48/50 MP: 6/6
  3049 | D:4      | Reached skill level 9 in Axes
  3392 | D:4      | Noticed a sky beast
  3414 | D:4      | HP: 1/50 [something (6)]
  3433 | D:4      | HP: 1/50 [sky beast (4)]
  3433 | D:4      | Slain by a sky beast

Action                   |  1- 3 |  4- 6 || total
-------------------------+-------+-------++-------
Melee: War axe           |    74 |   164 ||   238
  Use: Scroll            |       |    13 ||    13
       Potion            |       |     7 ||     7
